 Dungeon Crawl Stone Soup version 0.21.1-1-g345015f (webtiles) character file.

79 Labyrinth the Firebug (level 4, -10/33 HPs)
             Began as a Draconian Fire Elementalist on July 26, 2018.
             Mangled by Sigmund
             ... wielding a +0 scythe
              (12 damage)
             ... on level 2 of the Dungeon.
             The game lasted 00:07:39 (1455 turns).

Labyrinth the Firebug (Draconian Fire Elementalist) Turns: 1455, Time: 00:07:39

Health: -10/33     AC:  5    Str: 11    XL:     4   Next: 17%
Magic:  1/7        EV: 12    Int: 16    God:
Gold:   102        SH:  0    Dex: 11    Spells: 2/8 levels left

rFire    . . .     SeeInvis .   l - +0 mace
rCold    . . .     Gourm    .   (no shield)
rNeg     . . .     Faith    .   (armour unavailable)
rPois    .         Spirit   .   (helmet restricted)
rElec    .         Reflect  .   (no cloak)
rCorr    .         Harm     .   (no gloves)
MR       .....                  (no boots)
Stlth    +.........             (no amulet)
HPRegen  0.11/turn              (no ring)
MPRegen  0.10/turn              (no ring)

@: confused
A: unfitting armour, cold-blooded, AC +5
a: no special abilities


You were on level 2 of the Dungeon.
You were hungry.

You visited 1 branch of the dungeon, and saw 2 of its levels.

You collected 102 gold pieces.

Inventory:

Hand Weapons
 h - a +0 dagger of freezing
 l - a +0 mace (weapon)
Missiles
 c - 41 arrows
 f - 21 sling bullets
 i - 99 stones (quivered)
 n - 21 bolts
Armour
 o - a +0 pair of gloves
Scrolls
 d - 2 scrolls of magic mapping
 e - a scroll of fog
 k - a scroll of enchant weapon
Potions
 g - 2 potions of might
 m - a potion of brilliance
Books
 a - a book of Flames

   Spells                             Type                      Level
   a - Flame Tongue                   Conjuration/Fire             1
   b - Throw Flame                    Conjuration/Fire             2
   c - Conjure Flame                  Conjuration/Fire             3
   d - Inner Flame                    Hexes/Fire                   3
   e - Sticky Flame                   Conjuration/Fire             4
   f - Fireball                       Conjuration/Fire             5
Comestibles
 b - 5 rations
 j - a chunk of flesh


   Skills:
 + Level 0.2 Short Blades
 + Level 0.1 Maces & Flails
 + Level 2.1 Dodging
 + Level 1.9 Stealth
 + Level 2.6 Spellcasting
 + Level 1.7 Conjurations
 + Level 4.0 Fire Magic


You had 2 spell levels left.
You knew the following spells:

 Your Spells              Type           Power        Failure   Level  Hunger
a - Flame Tongue          Conj/Fire      ##...        6%          1    #......
b - Throw Flame           Conj/Fire      ##....       9%          2    ##.....
c - Conjure Flame         Conj/Fire      ##......     19%         3    ###....


Dungeon Overview and Level Annotations

Branches:
Dungeon (2/15)

Altars:

Annotations:
D:2 Sigmund


Innate Abilities, Weirdness & Mutations

Your plain brown scales are hard. (AC +5)
You cannot fit into any form of body armour.
You are cold-blooded and may be slowed by cold attacks.


Message History

You hit Sigmund.
Sigmund is heavily wounded.
Sigmund casts a spell at you. The puff of flame hits you!
* * * LOW HITPOINT WARNING * * *
Sigmund points at you and mumbles some strange words.
The puff of flame hits you!
* * * LOW HITPOINT WARNING * * *
As you read the scroll of fog, it crumbles to dust.
The scroll dissolves into smoke.
Sigmund closely misses you.
You see here a pair of gloves.
o - a pair of gloves Sigmund gestures at you while chanting.
You resist with some effort. Sigmund misses you. Sigmund casts a spell at you.
You are confused.
You bump into the rock wall.
Sigmund hits you from afar with a scythe!
You die...

### ..# ### #.#######
##§## ........###§.§##
#####
#.#####.##§§§§.###.§.##
).#####.###...###§§§§.####
..........##.## #§@§§..!..
.####.#.#.##.####§§§..###.
.# #.#.........@§§.§.#
.####.###.##+#####.#.## #
....#.###.#.[.## ##.#####.
...............## ###...
##..#####.......## ##.##
#...####.........####...##
.......+.........'.......#
....####.........####...##
....# #.......## ##.##


You could see Sigmund.

Vanquished Creatures
  Natasha (D:2)
  2 worms (D:2)
  A dart slug (D:2)
  2 leopard geckos
  A giant cockroach (D:1)
  8 goblins
  9 hobgoblins
  3 kobolds
  A quokka (D:2)
  4 bats
  6 frilled lizards
  3 rats
41 creatures vanquished.

Notes
Turn   | Place    | Note
-------+----------+-------------------------------------------
     0 | D:1      | Labyrinth the Draconian Fire Elementalist began the quest for the Orb.
     0 | D:1      | Reached XP level 1. HP: 14/14 MP: 3/3
    81 | D:1      | Reached XP level 2. HP: 20/20 MP: 0/5
   326 | D:1      | Learned a level 2 spell: Throw Flame
   663 | D:1      | You fall through a shaft!
   665 | D:2      | Reached XP level 3. HP: 26/26 MP: 4/6
   676 | D:2      | Learned a level 3 spell: Conjure Flame
  1204 | D:2      | Noticed Natasha
  1218 | D:2      | Killed Natasha
  1218 | D:2      | Reached skill level 4 in Fire Magic
  1218 | D:2      | Reached XP level 4. HP: 10/33 MP: 0/7
  1433 | D:2      | Noticed Sigmund
  1455 | D:2      | Mangled by Sigmund

Skill      XL: |  1  2  3 |
---------------+----------+-----
Dodging        | 2 |  2.1
Fire Magic     | 4 |  4.0
Short Blades   | |  0.2
Maces & Flails | |  0.1
Stealth        | |  1.9
Spellcasting   | |  2.6
Conjurations   | |  1.7

Action                   |  1- 3 |  4- 6 || total
-------------------------+-------+-------++-------
Melee: Dagger            |    15 |       ||    15
       Mace              |    30 |     5 ||    35
       Tailslap          |     4 |       ||     4
Throw: Stone             |     4 |       ||     4
 Cast: Flame Tongue      |    49 |     7 ||    56
       Throw Flame       |    11 |     1 ||    12
  Use: Scroll            |     4 |     2 ||     6
       Potion            |     4 |       ||     4
  Eat: Chunk             |     3 |       ||     3
Armor: Skin              |     9 |       ||     9
Dodge: Dodged            |    44 |     7 ||    51
